TKirby, neutral male human Wizard ------------- |...........| --------- |............# |.......| ----------B--# |...%...| @ # |.......| ## # ........| # #------.-- ############# # # TKirby the Conjurer Experience level: 4 Strength: 7 Dexterity: 18 Constitution: 13 Intelligence: 18 Wisdom: 12 Charisma: 8 Health: 0(30) Energy: 52(52) Def: 1 Gold: 186 Moves: 1547 Dungeon seed: UYoOqyE_moFWLRxK Game ID: TKirby_1505489054 Your Inventory: Coins $ - 186 gold pieces Weapons a - a blessed +1 quarterstaff (weapon in hands) A - 7 +0 darts Armor e - an uncursed +0 cloak of magic resistance (being worn) Scrolls i - an uncursed scroll of light j - an uncursed scroll of enchant weapon k - an uncursed scroll of magic mapping w - 2 uncursed scrolls of identify x - an uncursed scroll of gold detection Spellbooks l - a blessed spellbook of force bolt m - an uncursed spellbook of detect monsters s - an uncursed spellbook of wizard lock B - an uncursed spellbook of detect monsters Potions f - an uncursed potion of levitation g - an uncursed potion of confusion h - an uncursed potion of blindness o - a cursed potion of sickness t - an uncursed potion of gain energy z - a cursed potion of polymorph Rings c - an uncursed ring of warning d - an uncursed ring of polymorph v - a cursed ring of hunger y - an uncursed -1 ring of increase damage C - an uncursed ring of teleport control Wands b - a wand of lightning (0:7) Tools q - an uncursed tin whistle Gems n - an uncursed worthless piece of orange glass Spells and supernatural/magical abilities: Name Level Category Fail Memory a - force bolt 1 attack 0% 93% n - detect monsters 1 divination 0% 93% w - wizard lock 2 matter 53% 95% W - pray for help -- divine ? -- Your skills at the end: Fighting Skills Weapon Skills quarterstaff [Basic] Spellcasting Skills attack spells [Basic] enchantment spells [Basic] Final Attributes: You were piously aligned. You were magic-protected. You are dead. Vanquished creatures: 2 homunculi a werejackal a hobbit 4 giant rats a green mold a gecko a fox a kobold a goblin a sewer rat 11 grid bugs 4 lichens 5 newts 34 creatures vanquished. Voluntary challenges: You were vegetarian. You were an atheist. You used a wielded weapon 36 times, starting on turn 76. You read items or engraved 7 times, starting on turn 449. You never genocided any monsters. You never polymorphed an object. You never changed form. You used no wishes. You never split a pudding. You never wrote Elbereth's name. You never violated your personal moral code. Dungeon overview: The Dungeons of Doom: levels 1 to 5 Level 1 a fountain a long staircase Level 2 a scroll shop Level 3 Level 4 Level 5 <- You were here History has recorded: On T:1 you entered the Dungeons of Doom to retrieve the Amulet of Yendor! On T:421 you advanced to experience level 2. On T:763 you reached level 2 of The Dungeons of Doom. On T:840 you advanced to experience level 3. On T:1187 you reached level 3 of The Dungeons of Doom. On T:1392 you reached level 4 of The Dungeons of Doom. On T:1471 you advanced to experience level 4. Score breakdown: Gold: 186 ( 7728 points) Experience: 4 levels ( 9649 points) Exploration: 5 levels ( 10.64%) ( 8846 points) Discoveries: 6 items ( 2.09%) ( 4337 points) Valuables value: (no points given unless you survive) Artifact value: 0 ( 0 points) Variety of kills: 13 monsters ( 3.41%) ( 5541 points) Turncount: 1547 turns ( 0 points) Survival: died (score multiplied by 80%) Total score: 28880 Latest messages: C - an uncursed ring of teleport control. You take off your ring of warning. Wizard needs food, badly! You see here a food ration. A trap door opens up under you! The adjacent object falls through the trap door. The homunculus bites! (2x) You see here a food ration. The homunculus bites! D - a food ration. The homunculus bites! You hit the homunculus. The homunculus bites! You kill the homunculus! That food really hit the spot! You finish eating the food ration. You see here a homunculus corpse. $ - 7 gold pieces. You hear the chime of a cash register. You stop exploring. The giant bat bites! (4x) You die... Final status: Goodbye TKirby the Wizard, killed by a giant bat... You died in The Dungeons of Doom on dungeon level 5 with 28880 points, and 186 pieces of gold, after 1547 moves. You were level 4 with a maximum of 30 hit points when you died.